 Dungeon Crawl Stone Soup version 0.25-a0-652-gc9638ee (webtiles) character file.

Game seed: 4125981897307448170, levelgen mode: deterministic

1747 Dorkslayer the Covered (level 9, 0/55 HPs)
             Began as a Gargoyle Fighter on Mar 22, 2020.
             Slain by an orc priest
             ... wielding a +0 hand axe
              (1 damage)
             ... on level 5 of the Dungeon.
             The game lasted 00:20:23 (4488 turns).

Dorkslayer the Covered (Gargoyle Fighter)           Turns: 4488, Time: 00:20:23

Health: 0/55       AC: 17    Str: 21    XL:     9   Next: 6%
Magic:  10/10      EV:  7    Int: 10    God:
Gold:   237        SH: 10    Dex: 10    Spells: 8/8 levels left

rFire    . . .     SeeInvis .   a - +0 war axe
rCold    . . .     Gourm    .   c - +0 kite shield
rNeg     + . .     Faith    .   v - +0 chain mail
rPois    ∞         Spirit   .   (no helmet)
rElec    +         Reflect  .   (no cloak)
rCorr    .         Harm     .   n - +0 pair of gloves
MR       .....                  (no boots)
Stlth    ..........             o - amulet of rage
HPRegen  0.18/turn              (no ring)
MPRegen  0.12/turn              (no ring)

@: no status effects
A: negative energy resistance 1, electricity resistance, unbreathing,
petrification resistance, rot immunity, AC +6
a: Evoke Berserk Rage


You were on level 5 of the Dungeon.
You were not hungry.

You visited 1 branch of the dungeon, and saw 5 of its levels.

You collected 237 gold pieces.

Inventory:

Hand Weapons
 a - a +0 war axe (weapon)
Missiles
 u - 5 boomerangs (quivered)
Armour
 c - a +0 kite shield (worn)
 g - a +0 pair of gloves
 n - a +0 pair of gloves (worn)
 v - a +0 chain mail (worn)
Jewellery
 o - an amulet of rage (around neck)
Wands
 t - a wand of digging (5)
Scrolls
 b - a scroll of enchant weapon {unknown}
 h - a scroll of blinking {unknown}
 i - a scroll of noise {unknown}
 k - a scroll of amnesia {unknown}
 l - 2 scrolls of remove curse {unknown}
 m - 5 scrolls of fear {unknown}
 p - a scroll of teleportation {unknown}
Potions
 d - a potion of magic {unknown}
 e - 3 potions of flight
 j - a potion of mutation
 q - a potion of cancellation
 r - a potion of degeneration {unknown}
Comestibles
 f - 7 rations
 w - 25 chunks of flesh


   Skills:
 * Level 5.9 Fighting
 + Level 5.8 Axes
 * Level 1.4 Throwing
 * Level 6.1 Armour
 * Level 3.4 Dodging
 + Level 5.4 Shields
 * Level 2.4 Evocations


You had 8 spell levels left.
You didn't know any spells.
Your spell library was empty.

Dungeon Overview and Level Annotations

Branches:
Dungeon (5/15)
 Temple: D:4-7

Altars:
Gozag
Okawaru
Xom

Shops:
D:4 %


Innate Abilities, Weirdness & Mutations

You are resistant to torment.
Your stone body is resilient. (AC +6)
You are immune to poison.
You resist negative energy. (rN+)
You are resistant to electric shocks. (rElec)
You can survive without breathing.
You are immune to petrification.
You are immune to rotting.


Message History

* * * LOW HITPOINT WARNING * * *
You feel better.
The orc priest invokes the aid of Beogh against you.
Pain shoots through your body!
* * * LOW HITPOINT WARNING * * *
Okay, then.
You closely miss the orc priest.
The orc priest is moderately wounded.
You slash the ogre! You block the orc priest's attack.
You block the ogre's attack.
The orc priest hits you with a +0 hand axe.
* * * LOW HITPOINT WARNING * * *
You slash the ogre!
You kill the ogre!
Your shield and chain mail prevent you from hitting the orc priest.
You block the orc priest's attack.
You closely miss the orc priest.
The orc priest is moderately wounded.
The orc priest hits you with a +0 hand axe.
You die...

#### ####... #.....#
#.....# #.....# ### ##
#.....# #.#.. #.
#.....# #.#.# #.
#...)@# #.#.# #.
#.†)o)# #.#.# #.
#.....# #.#.###.
#.....# #.#.....
#.....#########.#..##)
####.#.#.#.#.#.#.#.#÷#
#.#.##.#.#.#.#.#.#.
#.#.#.#.#.#.#.#.#.#
#.#.##.#.#.#.#.#.#.


You could see an orc priest.

Vanquished Creatures
  Grinder (D:3)
  Eustachio (D:4)
  The ghost of edsrzf the Sneak, an amateur DEEn of Cheibriados (D:4)
  An ice beast (D:4)
  2 ogres
  2 centaurs (D:5)
  A bullfrog (D:4)
  Dowan (D:5)
  A scorpion (D:4)
  2 centaur zombies (D:5)
  3 hounds (D:4)
  2 orc priests
  Ijyb (D:4)
  Natasha (thrice) (D:2)
  An orc wizard (D:4)
  3 worker ants (D:5)
  A hound skeleton (D:5)
  7 gnolls (D:5)
  8 adders
  A river rat (D:4)
  A shadow imp (D:5)
  An ooze (D:2)
  An adder skeleton (D:5)
  6 worms
  4 dart slugs
  4 leopard geckos
  12 orcs
  4 giant cockroaches
  9 hobgoblins
  2 jackals (D:1)
  7 kobolds
  2 quokkas
  4 ball pythons
  11 bats
  7 frilled lizards
  9 goblins
  8 rats
135 creatures vanquished.

Notes
Turn   | Place    | Note
-------+----------+-------------------------------------------
     0 | D:1      | Dorkslayer the Gargoyle Fighter began the quest for the
                  | Orb.
     0 | D:1      | Reached XP level 1. HP: 14/14 MP: 1/1
   238 | D:1      | Reached XP level 2. HP: 17/19 MP: 2/2
   525 | D:1      | Reached XP level 3. HP: 23/23 MP: 3/3
   876 | D:2      | Reached skill level 1 in Dodging
   876 | D:2      | Reached XP level 4. HP: 29/29 MP: 4/4
   933 | D:2      | Noticed Natasha
   945 | D:2      | Killed Natasha
  1187 | D:2      | Noticed Natasha
  1199 | D:2      | Killed Natasha
  1199 | D:2      | Reached skill level 4 in Armour
  1199 | D:2      | Reached XP level 5. HP: 21/33 MP: 5/5
  1318 | D:2      | Noticed Natasha
  1350 | D:2      | Killed Natasha
  1964 | D:3      | Noticed Grinder
  1992 | D:3      | Killed Grinder
  1992 | D:3      | Reached XP level 6. HP: 10/39 MP: 6/6
  2074 | D:3      | Found a shimmering altar of Xom.
  2536 | D:3      | Found an opulent altar of Gozag.
  2683 | D:4      | Reached XP level 7. HP: 37/44 MP: 7/7
  2934 | D:4      | Found Lyisehij's Food Boutique.
  3008 | D:4      | Reached skill level 5 in Armour
  3229 | D:4      | Noticed Ijyb
  3246 | D:4      | Killed Ijyb
  3303 | D:4      | Found a runed translucent door.
  3305 | D:4      | Noticed edsrzf's ghost (amateur DEEn)
  3317 | D:4      | Reached skill level 5 in Fighting
  3328 | D:4      | Reached skill level 1 in Evocations
  3340 | D:4      | Killed edsrzf's ghost
  3340 | D:4      | Reached XP level 8. HP: 49/49 MP: 8/8
  3348 | D:4      | Found a runed translucent door.
  3619 | D:4      | Noticed Eustachio
  3653 | D:4      | Killed Eustachio
  3653 | D:4      | Reached skill level 5 in Axes
  3960 | D:5      | Entered Level 5 of the Dungeon
  4022 | D:5      | Found an iron altar of Okawaru.
  4066 | D:5      | Reached skill level 5 in Shields
  4337 | D:5      | Reached skill level 6 in Armour
  4338 | D:5      | Reached skill level 1 in Throwing
  4383 | D:5      | Noticed Dowan
  4400 | D:5      | Killed Dowan
  4418 | D:5      | Reached XP level 9. HP: 41/55 MP: 10/10
  4486 | D:5      | HP: 1/55 [orc priest/+0 hand axe (4)]
  4488 | D:5      | Slain by an orc priest

Levels and vault maps discovered:
D:1:      lemuel_arrival_rhombus, layout_basic, nrook_campfire
D:2:      layout_basic, minmay_tetromino_i4, uniq_natasha
D:3:      layout_loops_ring, lemuel_coloured_pillars_altar, first_ration,
          xom_teletrap_fun, uniq_grinder
D:4:      layout_layer_cave, ebering_ghost_sewer_f, serial_shops,
          nicolae_shop_statue_plus, serial_bayou_lagoon_a, chequers_avenue,
          uniq_eustachio, uniq_ijyb
D:5:      layout_basic, nicolae_dithmenos_shadow_blocks, kennysheep_little_box,
          kennysheep_small_circle, uniq_duvessa

Skill      XL: |  1  2  3  4  5  6  7  8 |
---------------+-------------------------+-----
Axes           | 2 3 4 5 |  5.8
Dodging        | 1 2 3 |  3.4
Fighting       | 4 5 |  5.9
Armour         | 4 5 6 |  6.1
Shields        | 4 5 |  5.4
Evocations     | 1 2 |  2.4
Throwing       | 1 |  1.4

Action                   |  1- 3 |  4- 6 |  7- 9 || total
-------------------------+-------+-------+-------++-------
Melee: War axe           |   122 |   219 |   235 ||   576
 Abil: Evoke Berserk Rag |       |       |     1 ||     1
Evoke: Wand              |       |       |    10 ||    10
  Use: Potion            |       |     2 |     6 ||     8
       Scroll            |       |     5 |     1 ||     6
  Eat: Chunk             |       |     4 |     3 ||     7
       Ration            |       |     1 |     1 ||     2
Armor: Scale mail        |    91 |    90 |       ||   181
       Chain mail        |       |    18 |   174 ||   192
Dodge: Dodged            |    39 |    65 |    66 ||   170
Block: Kite shield       |    64 |   110 |   140 ||   314

Table legend:
 A = Non-vault XP
 B = Vault XP
 C = Vault XP percentage of total XP
 D = Non-vault monster count
 E = Vault monster count
 F = Vault count percentage of total count
                 A         B        C        D         E       F
            +---------+---------+-------+---------+---------+-------
      Total |    1561 |     935 |  37.5 |     118 |      17 |  12.6
            +---------+---------+-------+---------+---------+-------
        D:1 |      47 |       0 |   0.0 |      28 |       0 |   0.0
        D:2 |     174 |      54 |  23.7 |      33 |       5 |  13.2
        D:3 |      33 |     281 |  89.5 |      13 |       1 |   7.1
        D:4 |     559 |     503 |  47.4 |      17 |       8 |  32.0
        D:5 |     748 |      97 |  11.5 |      27 |       3 |  10.0
            +---------+---------+-------+---------+---------+-------
